 Dungeon Crawl Stone Soup version 0.23.2-40-g277498a001 (webtiles) character file.

Game seed: 6707217048453826341

41 Jerej03 the Grasshopper (level 3, -1/18 HPs)
             Began as a Spriggan Warper on Oct 1, 2019.
             Slain by a hobgoblin
             ... wielding a cursed -2 club
              (2 damage)
             ... on level 2 of the Dungeon.
             The game lasted 00:19:58 (1186 turns).

Jerej03 the Grasshopper (Spriggan Warper)           Turns: 1186, Time: 00:19:59

Health: -1/18      AC:  3    Str:  8    XL:     3   Next: 32%
Magic:  5/8        EV: 19    Int: 14    God:
Gold:   88         SH:  0    Dex: 15    Spells: 3/8 levels left

rFire    . . .     SeeInvis +   a - +1 short sword
rCold    . . .     Gourm    .   (shield restricted)
rNeg     . . .     Faith    .   b - +1 robe
rPois    .         Spirit   .   (helmet restricted)
rElec    .         Reflect  .   (no cloak)
rCorr    .         Harm     .   (gloves unavailable)
MR       .....                  (boots unavailable)
Stlth    ++........             (no amulet)
HPRegen  0.06/turn              (no ring)
MPRegen  0.11/turn              (no ring)

@: very quick
A: very small, unfitting armour, see invisible, herbivore, speed 3, slow
metabolism 2
a: no special abilities


You were on level 2 of the Dungeon.
You were not hungry.

You visited 1 branch of the dungeon, and saw 2 of its levels.

You collected 88 gold pieces.

Inventory:

Hand Weapons
 a - a +1 short sword (weapon)
 c - a +0 hand axe
 h - a +0 whip
 j - a +0 hunting sling
Missiles
 e - 43 stones (quivered)
 i - 47 arrows
Armour
 b - a +1 robe (worn)
 g - a +0 leather armour
 k - a +0 ring mail
Scrolls
 d - a scroll of blinking
 m - a scroll of random uselessness {unknown}
Potions
 l - a potion of flight {unknown}
Comestibles
 f - a ration


   Skills:
 + Level 1.8 Fighting
 * Level 2.7 Short Blades
 + Level 1.2 Throwing
 + Level 4.0 Dodging
 * Level 0.9 Stealth
 * Level 3.3 Spellcasting
 + Level 4.5 Translocations


You had 3 spell levels left.
You knew the following spells:

 Your Spells              Type           Power        Failure   Level  Hunger
a - Blink                 Tloc           N/A          4%          2    ##.....
b - Gell's Gravitas       Tloc           ###.......   10%         3    ###....

Your spell library contained the following spells:

 Spells                   Type           Power        Failure   Level  Hunger
 Lesser Beckoning         Tloc           ###.......   10%         3    ###....
 Teleport Other           Tloc           ###.....     10%         3    ###....
 Shroud of Golubria       Chrm/Tloc      #.........   12%         2    ##.....
 Passage of Golubria      Tloc           N/A          32%         4    #####..


Dungeon Overview and Level Annotations

Branches:
Dungeon (2/15)

Altars:


Innate Abilities, Weirdness & Mutations

You are very small and have problems with some larger weapons.
You are too small for most types of armour.
You have supernaturally acute eyesight. (SInv)
You are a herbivore.
You cover ground extremely quickly.
You need to consume almost no food.


Message History

The hobgoblin closely misses you.
You feel sick.
You are no longer poisoned.
The bat closely misses you. The bat completely misses you. The bat misses you.
The hobgoblin hits you with a cursed -2 club.
* * * LOW HITPOINT WARNING * * *
The bat barely misses you. The bat misses you.
The hobgoblin closely misses you. The bat closely misses you. The bat hits you.
* * * LOW HITPOINT WARNING * * *
The bat completely misses you. The hobgoblin misses you.
The bat barely misses you. The bat barely misses you.
The hobgoblin closely misses you. The bat hits you but does no damage.
The bat misses you. The hobgoblin barely misses you.
The bat closely misses you. The bat hits you but does no damage.
The hobgoblin barely misses you. The bat hits you but does no damage.
The bat closely misses you.
The hobgoblin hits you with a cursed -2 club.
You die...

#># #.#.#
#.####.#.#####.###
#.##..............
#)†.g..b.####.....
#)##l##### ..#
#.##b# # #.##K#
#.##b# ####.##@# ..
. .....##g# # .#.#
........####.#....##
...#..w........#...
#.........#...#
#............
..##....#####.# ##
...........g.###.#
.....#..#####.#.#


You could see a worm, a hobgoblin, a goblin, 2 bats, a kobold and a frilled
lizard.

Vanquished Creatures
  An adder (D:2)
  2 dart slugs (D:1)
  2 leopard geckos
  A bat (D:1)
  A giant cockroach (D:2)
  6 goblins
  2 frilled lizards (D:1)
  5 kobolds
  7 rats
27 creatures vanquished.

Notes
Turn   | Place    | Note
-------+----------+-------------------------------------------
     0 | D:1      | Jerej03 the Spriggan Warper began the quest for the Orb.
     0 | D:1      | Reached XP level 1. HP: 10/10 MP: 5/5
   228 | D:1      | Reached XP level 2. HP: 12/14 MP: 7/7
   269 | D:1      | Learned a level 2 spell: Blink
   926 | D:2      | Reached XP level 3. HP: 10/18 MP: 8/8
   933 | D:2      | Learned a level 3 spell: Gell's Gravitas
  1186 | D:2      | Slain by a hobgoblin

Skill      XL: |  1  2 |
---------------+-------+-----
Spellcasting   | 3 |  3.3
Dodging        | 4 |  4.0
Fighting       | |  1.8
Short Blades   | |  2.7
Throwing       | |  1.2
Stealth        | |  0.9
Translocations | |  4.5

Action                   || total
-------------------------++-------
Melee: Short sword       ||   110
Throw: Tomahawk          ||     5
       Stone             ||    13
 Cast: Blink             ||    10
       Gell's Gravitas   ||     3
  Use: Scroll            ||     3
Armor: Robe              ||    16
Dodge: Dodged            ||   128
